 Dungeon Crawl Stone Soup version 0.28.0 (webtiles) character file.

Game seed: 1608500115952626030

222 Sanktem7 the Covered (level 5, -2/47 HPs)
             Began as a Minotaur Fighter on Feb 11, 2022.
             Slain by a gnoll (3 damage)
             ... on level 4 of the Dungeon.
             The game lasted 00:06:03 (3746 turns).

Sanktem7 the Covered (Minotaur Fighter)             Turns: 3746, Time: 00:06:03

Health: -2/47      AC: 10    Str: 28    XL:     5   Next: 66%
Magic:  4/4        EV:  8    Int:  5    God:
Gold:   167        SH:  4    Dex: 10    Spells: 4/4 levels left

rFire   x . .      SeeInvis .   a - +0 long sword
rCold   + . .      Faith    .   c - +0 buckler
rNeg    . . .      Spirit   .   q - +0 chain mail
rPois   .          Reflect  .   (helmet restricted)
rElec   .          Harm     .   (no cloak)
rCorr   .          Rampage  .   (no gloves)
Will    .....                   (no boots)
Stlth   ..........              (no amulet)
HPRegen 0.15/turn               l - +6 ring of strength
MPRegen 0.09/turn               o - ring of ice

@: no status effects
A: horns 2, retaliatory headbutt
a: no special abilities


You were on level 4 of the Dungeon.
You visited 1 branch of the dungeon, and saw 4 of its levels.

You collected 167 gold pieces.

Inventory:

Hand Weapons
 a - a +0 long sword (weapon)
Armour
 b - a +0 scale mail
 c - a +0 buckler (worn)
 k - the +0 leather armour "Cegred" {Regen+}
   (You found it on level 2 of the Dungeon)

   Regen:     It increases your rate of health regeneration.
 q - a +0 chain mail (worn)
Jewellery
 g - an amulet of magic regeneration
 l - a +6 ring of strength (left hand)
 o - a ring of ice (right hand)
 p - a ring of magical power
 r - the ring of Yppy {rPois rF+ Will+ Str-5 Int+2}
   (You found it on level 4 of the Dungeon)

   [ring of poison resistance]

   Str:       It affects your strength (-5).
   Int:       It affects your intelligence (+2).
   rF:        It protects you from fire.
   rPois:     It protects you from poison.
   Will:      It increases your willpower.
Scrolls
 i - 3 scrolls of immolation {unknown}
 j - 4 scrolls of identify {unknown}
 m - a scroll of amnesia {unknown}
 n - 2 scrolls of enchant armour {unknown}
Potions
 d - 3 potions of might
 e - 3 potions of resistance {unknown}
 f - 2 potions of curing {unknown}
 h - a potion of heal wounds {unknown}


   Skills:
 * Level 4.7 Fighting
 * Level 4.7 Long Blades
 * Level 5.6 Armour
 + Level 0.7 Dodging
 - Level 3.6 Shields


You had 4 spell levels left.
You didn't know any spells.
Your spell library was empty.

Dungeon Overview and Level Annotations

Branches:
Dungeon (4/15)
 Temple: D:4-7

Altars:
Yredelemnul

Shops:
D:1 (

Portals:
Ossuary: D:4


Innate Abilities, Weirdness & Mutations

You have a pair of horns on your head.
You reflexively headbutt those who attack you in melee.


Message History

The gnoll hits you with a +0 flail. The gnoll hits you but does no damage.
You hit the gnoll.
The gnoll is severely wounded.
The gnoll hits you but does no damage. The gnoll hits you with a +0 flail.
You block the gnoll's attack. x2; The gnoll hits you with a +0 flail.
You slash the gnoll!
You kill the gnoll!
The gnoll hits you but does no damage. You block the gnoll's attack. x2
You slash the iguana!
The iguana is heavily wounded.
The iguana bites you but does no damage.
The gnoll hits you but does no damage.
You slash the iguana!
You kill the iguana!
The gnoll barely misses you. x3
The gnoll hits you with a +1 spear of flaming.
The gnoll burns you. The gnoll barely misses you.
You closely miss the gnoll. The gnoll barely misses you.
The gnoll hits you with a +0 spear.
* * * LOW HITPOINT WARNING * * *
You hit the gnoll but do no damage. The gnoll hits you but does no damage.
The gnoll hits you with a +0 spear.
* * * LOW HITPOINT WARNING * * *
The gnoll barely misses you.
The gnoll hits you from afar with a +0 spear.
* * * LOW HITPOINT WARNING * * *
The gnoll hits you with a +1 spear of flaming.
* * * LOW HITPOINT WARNING * * *
The gnoll burns you.
* * * LOW HITPOINT WARNING * * *
The gnoll hits you but does no damage. The gnoll hits you but does no damage.
The gnoll closely misses you. You block the gnoll's attack.
You barely miss the gnoll. Your headbutt misses the gnoll.
The gnoll hits you but does no damage.
The gnoll hits you from afar with a +1 spear of flaming!
* * * LOW HITPOINT WARNING * * *
The gnoll burns you.
You die...

######.. #.. .. .# #..
..####.##.## #.# #.#.........
#..# ........... #.##
#..>....... #. +#######+
#.......... #. #...#...#
#)g........ #. #(>.#.∩. ###.#@#
#. #... ... #.#g#.#
##########.#.#g#
#...#...##.#...#
#.>.#.>.##...###
##...#...#..#..#
#'#######'..##.#################
#..#####.†..##.........<........
##.......#######################


You could see 2 gnolls.

Vanquished Creatures
  A hound (D:4)
  A gnoll shaman (D:4)
  An iguana (D:4)
  4 adders
  4 gnolls
  A worm (D:2)
  2 dart slugs
  7 endoplasms
  2 giant cockroaches (D:3)
  8 goblins
  2 hobgoblins
  5 quokkas
  5 ball pythons
  4 bats
  4 frilled lizards
  5 kobolds
  4 rats
60 creatures vanquished.

Notes
Turn   | Place    | Note
-------+----------+-------------------------------------------
     0 | D:1      | Sanktem7 the Minotaur Fighter began the quest for the Orb.
     0 | D:1      | Reached XP level 1. HP: 19/19 MP: 0/0
   110 | D:1      | Found Willeog's Antique Weapon Shop.
   456 | D:1      | Reached skill level 4 in Armour
   456 | D:1      | Reached XP level 2. HP: 27/27 MP: 1/1
  1198 | D:2      | Reached XP level 3. HP: 33/33 MP: 2/2
  1634 | D:2      | Identified the +0 leather armour "Cegred" {Regen+}
  2112 | D:2      | Found a basalt altar of Yredelemnul.
  2370 | D:3      | Reached XP level 4. HP: 37/41 MP: 3/3
  2913 | D:3      | Reached skill level 5 in Armour
  3210 | D:4      | Reached XP level 5. HP: 9/47 MP: 4/4
  3631 | D:4      | Identified the ring of Yppy {rPois rF+ Will+ Str-5 Int+2}
  3686 | D:4      | Found a sand-covered staircase.
  3746 | D:4      | HP: 1/47 [gnoll (7)]
  3746 | D:4      | Slain by a gnoll

Illustrated notes

Levels and vault maps discovered:
D:1:      ebering_trefoil_twist, layout_rooms, serial_shops,
          nicolae_shop_overgrown_old_shop, supply_closet_lemuel,
          minmay_misc_feat_tower, interstate_on_off, serial_bayou_crossing
D:2:      layout_basic, basic_altar
D:3:      layout_basic, corner_web_ring
D:4:      layout_rooms, nicolae_ossuary_entry_false_entrances

Skill      XL: |  1  2  3  4 |
---------------+-------------+-----
Fighting       | 4 |  4.7
Armour         | 4 5 |  5.6
Long Blades    | 3 4 |  4.7
Dodging        | |  0.7
Shields        | |  3.6

Action                   |  1- 3 |  4- 6 || total
-------------------------+-------+-------++-------
Melee: Long sword        |    78 |    50 ||   128
       Headbutt          |    13 |     2 ||    15
Armor: Scale mail        |    42 |    16 ||    58
       Chain mail        |       |    11 ||    11
Dodge: Dodged            |    41 |    25 ||    66
Block: Buckler           |    10 |    18 ||    28
